 BcadrenCrawl: Boulder Brew version 0.06-688-g08e91b2d95 (webtiles) character file.

Game seed: 10922372356509201916

108 Leeroy the Slasher (level 4, 0/59 HPs) Immature Draconian Noble. Began on Jan 22, 2023. Slain by a cinder newt (4 damage) ... on level 2 of the Dungeon. The game lasted 00:06:31 (1031 turns).

Leeroy the Slasher (Immature Draconian Noble)       Turns: 1031, Time: 00:06:31

Health: 0/59       AC:  6    Str: 19    XL:     4 ^: 41
Magic:  6/6        EV: 12    Int: 10    God:
Gold:   26         SH:  0    Dex:  9    Spells: 4/5 levels left

rFire    . . .     Slash    +   b - +0 triple sword
rCold    . . .     Pierce   x   (also wielding the above weapon)
rNeg     . . .     Bludgeon .   (armour unavailable)
rCorr    . . .     Vision   .   (helmet restricted)
rPois    .         Gourm    .   (no cloak)
rElec    .         Faith    .   (no gloves)
MR       .....     Spirit   .   (no boots)
HPRegen  0.29/turn Reflect  .   (no amulet)
MPRegen  0.16/turn Harm     .   (no ring)
Stlth    +.........             (no ring)

@: no status effects
A: deformed body 2, cold-blooded, draconic flesh, AC +6
a: Breathe Dart


You were on level 2 of the Dungeon.
You were hungry.

You visited 1 branch of the dungeon, and saw 2 of its levels.
You also visited: Market.

You collected 26 gold pieces.
You spent 1000 gold pieces at shops.

Inventory:

Weapons
 b - a +0 triple sword (weapon)
Jewellery
 e - an uncursed ring of protection from magic
Scrolls
 d - a scroll of torment
 f - 2 scrolls of magic mapping
Comestibles
 a - 3 rations
 c - a chunk of flesh


   Skills:
 - Level 1.2 Fighting
 + Level 3.1 Long Blades
 - Level 1.3 Dodging
 - Level 0.6 Stealth
 - Level 1.3 Spellcasting


You had 4 spell levels left.
You knew the following spells:

 Your Spells              Type           Power        Failure   Level  Hunger
a - Infusion              Chrm           0 (25)       32%         1    27-47

Your spell library contained the following spells:

 Spells                   Type           Power        Failure   Level  Hunger
 Shroud of Golubria Chrm/Tloc 0 (200) 45% 2 67-107 Song of Slaying Chrm 0 (100) 45% 2 67-107 Regeneration Chrm/Necr 0 (200) 69% 3 107-167 Spectral Weapon Chrm/Summ      0 (100)      69%         3    107-167


Dungeon Overview and Level Annotations

Branches:
Dungeon (2/8)

Altars:


Innate Abilities, Weirdness & Mutations

Your plain brown scales are resilient. (AC +6)
You can breathe rudimentary magical darts.
You cannot wear any armour on your peculiar form.
You are cold-blooded and are slowed more easily by cold attacks.
Your scales resist being cut, but it's oddly easy to stick a small blade between them. (rSlashing+, rPiercing-)


Message History

The cinder newt burns you (4).
* * * LOW HITPOINT WARNING * * *
The cinder newt bites you (1).
You are perforated ruthlessly!
* * * LOW HITPOINT WARNING * * *
The cinder newt burns you (4).
* * * LOW HITPOINT WARNING * * *
You barely miss the cinder newt.
Your tail-slap misses the cinder newt.
The cinder newt is heavily wounded. (6/13) HP The cinder newt bites you (3).
You are perforated ruthlessly!
* * * LOW HITPOINT WARNING * * *
The cinder newt burns you (3).
* * * LOW HITPOINT WARNING * * *
The cinder newt bites you.
You are perforated ruthlessly!
The cinder newt burns you (3).
* * * LOW HITPOINT WARNING * * *
You hit the cinder newt (3).
It resists.
The cinder newt is severely wounded. (3/13) HP The cinder newt bites you.
You are perforated ruthlessly!
The cinder newt burns you (4).
You die...

P≈≈..b..†%#
P≈≈≈.....≈#
≈≈≈#..†..#
≈ #P...##
PP...≈##
###.÷.≈#
##..## ##
#.#l###.≈#
#.≈@.≈.#
#≈≈#≈#.###
##.###.≈# #
#≈## #≈≈
≈#. . #≈ ≈
#


You could see a submerged cinder newt.

Vanquished Creatures
  An adder (D:2)
  7 sewer rats
  A cinder newt (D:2)
  A worm (D:1)
  2 dart slugs (D:1)
  A leopard gecko (D:2)
  3 bats
  2 goblins (D:1)
  A hobgoblin (D:1)
  A kobold (D:1)
  6 rats (D:1)
26 creatures vanquished.

Vanquished Creatures (others)
  A sewer rat (D:2)
  26 withered plants (D:2)
27 creatures vanquished.

Grand Total: 53 creatures vanquished

Notes
Turn   | Place    | Note
-------+----------+-------------------------------------------
     0 | Start Ma | Leeroy the Immature Draconian Noble began the quest for the
                  | Orb.
     0 | Start Ma | Reached XP level 1. HP: 29/29 MP: 2/2
     0 | Start Ma | Found Buysaoph's Mashing MeleeMart.
     1 | Start Ma | Found Zakhlesa's Auxillary Armour.
    13 | Start Ma | Found Fahowkiy's Expert Tomes.
    78 | Start Ma | Bought a +0 triple sword for 400 gold pieces
    85 | Start Ma | Bought a book of Battle for 600 gold pieces
    90 | Start Ma | Learned a level 1 spell: Infusion
    95 | D:1      | Leeroy set off with the following items: a ration, a +0
                  | triple sword; and the following spell memorised: Infusion;
                  | and the following spells available to memorise: Shroud of
                  | Golubria, Song of Slaying, Regeneration, Spectral Weapon
   375 | D:1      | Reached skill level 1 in Dodging
   391 | D:1      | Reached XP level 2. HP: 2/39 MP: 4/4
   737 | D:1      | Reached skill level 1 in Long Blades
   794 | D:1      | Reached XP level 3. HP: 38/49 MP: 5/5
   825 | D:2      | Reached skill level 2 in Long Blades
   883 | D:2      | Reached XP level 4. HP: 56/59 MP: 6/6
   905 | D:2      | Reached skill level 3 in Long Blades
  1031 | D:2      | Slain by a cinder newt

Illustrated notes

Levels and vault maps discovered:
D:1:      dpeg_arrival_signposts, layout_basic, gup_sewer_entry_bubbles
D:2:      layout_sewer, serial_park, chequers_ecumenical_altar_simple_redux

Skill      XL: |  1  2  3  4 |
---------------+-------------+-----
Dodging        | 1 |  1.3
Long Blades    | 1 2 3 |  3.1
Fighting       | |  1.2
Stealth        | |  0.6
Spellcasting   | |  1.3

Action                   |  1- 3 |  4- 6 || total
-------------------------+-------+-------++-------
Melee: Triple sword      |    30 |    17 ||    47
       Peck              |     1 |     1 ||     2
Armor: Skin              |    14 |    13 ||    27
Dodge: Dodged            |    11 |     6 ||    17
       Rpst.: Triple sword |     4 |     2 ||     6
